 Dungeon Crawl Stone Soup version 0.28.0-43-g3370ac3207 (webtiles) character file.

Game seed: 15131529415991721885

32 Zeld the Magician (level 3, 0/19 HPs)
             Began as a Deep Elf Fire Elementalist on Mar 17, 2022.
             Succumbed to an adder's poison
             ... on level 2 of the Dungeon.
             The game lasted 00:02:17 (1808 turns).

Zeld the Magician (Deep Elf Fire Elementalist)      Turns: 1808, Time: 00:02:17

Health: 0/19       AC:  2    Str:  5    XL:     3   Next: 8%
Magic:  6/10       EV: 13    Int: 21    God:
Gold:   77         SH:  0    Dex: 15    Spells: 6/9 levels left

rFire   . . .      SeeInvis .   (no weapon)
rCold   . . .      Faith    .   (no shield)
rNeg    . . .      Spirit   .   a - +0 robe
rPois   .          Reflect  .   (no helmet)
rElec   .          Harm     .   (no cloak)
rCorr   .          Rampage  .   (no gloves)
Will    .....                   (no boots)
Stlth   ++........              (no amulet)
HPRegen 0.06/turn               (no ring)
MPRegen 0.12/turn               (no ring)

@: lethally poisoned (0 -> -9)
A: no striking features
a: no special abilities


You were on level 2 of the Dungeon.
You visited 1 branch of the dungeon, and saw 2 of its levels.

You collected 77 gold pieces.

Inventory:

Armour
 a - a +0 robe (worn)
Jewellery
 e - a ring of willpower
 h - a +4 ring of protection
Scrolls
 d - 2 scrolls of amnesia {unknown}
 f - a scroll of identify {unknown}
 g - a scroll of teleportation {unknown}
Potions
 b - a potion of curing {unknown}
 c - a potion of magic {unknown}


   Skills:
 + Level 2.7 Dodging
 + Level 2.8 Stealth
 * Level 3.7 Spellcasting
 + Level 1.5 Conjurations
 * Level 3.7 Fire Magic


You had 6 spell levels left.
You knew the following spells:

 Your Spells              Type           Power      Damage    Failure   Level
a - Foxfire               Conj/Fire      56%        2x1d6     4%          1
b - Scorch                Fire           38%        2d7       4%          2

Your spell library contained the following spells:

 Spells                   Type           Power      Damage    Failure   Level
 Conjure Flame            Conj/Fire      14%        6-21      13%         3
 Inner Flame              Hex/Fire       11%        N/A       17%         3
 Flame Wave               Conj/Fire      14%        2d6       38%         4


Dungeon Overview and Level Annotations

Branches:
Dungeon (2/15)

Altars:

Shops:
D:2 :


Message History

Casting: Foxfire (safe; 4% risk of failure)
Confirm with . or Enter, or press ? or * to list all spells.
You conjure some foxfire!
The foxfire hits the dart slug.
The dart slug is heavily wounded.
The foxfire hits the dart slug.
You kill the dart slug!
Your foxfire dissipates!
An adder comes into view.
An adder is nearby!
The adder hisses angrily.
Casting: Foxfire (safe; 4% risk of failure)
Confirm with . or Enter, or press ? or * to list all spells.
You conjure some foxfire!
The foxfire hits the adder.
The adder is moderately wounded.
The foxfire hits the adder.
The adder is heavily wounded.
The adder bites you.
You are poisoned.
The adder poisons you! The adder completely misses you.
Casting: Foxfire (safe; 4% risk of failure)
Confirm with . or Enter, or press ? or * to list all spells.
You conjure some foxfire!
You feel sick. The adder closely misses you.
You feel sick. The adder barely misses you.
Casting: Foxfire (safe; 4% risk of failure)
Confirm with . or Enter, or press ? or * to list all spells.
You conjure some foxfire!
You feel sick. The adder bites you. x2
You feel sick.
The foxfire hits the adder.
The adder is severely wounded.
The adder bites you.
* * * LOW HITPOINT WARNING * * *
You are more poisoned.
The adder poisons you!
Unknown command.
Casting: Foxfire (safe; 4% risk of failure)
Confirm with . or Enter, or press ? or * to list all spells.
Flames lash the adder.
The adder is almost dead.
The adder's fire resistance burns away.
You die...

#..#.######### #.# #.#
#.###........# #####.# #.#
##.#.#######.# #.....# #.#
##.## ###.####.##### #.#
#.# #......†...#######.#
#.######.#.#..###.........#
#.............# #.#########
########.....S###.#
#..#...@v..# #....###v###
#######.(..###.#
............##.#
.#####.........#
##.....#### #....## #.#.##
...###


You could see an adder (combustible, ally target).

Vanquished Creatures
  3 dart slugs
  An endoplasm (D:1)
  4 goblins
  3 hobgoblins
  A kobold (D:1)
  2 quokkas (D:1)
  3 ball pythons
  2 bats
  2 frilled lizards
  4 rats
25 creatures vanquished.

Vanquished Creatures (others)
  110 foxfires
110 creatures vanquished.

Grand Total: 135 creatures vanquished

Notes
Turn   | Place    | Note
-------+----------+-------------------------------------------
     0 | D:1      | Zeld the Deep Elf Fire Elementalist began the quest for the
                  | Orb.
     0 | D:1      | Reached XP level 1. HP: 10/10 MP: 6/6
   413 | D:1      | Reached XP level 2. HP: 14/15 MP: 2/8
  1330 | D:2      | Found Xoskim's Book Shop.
  1650 | D:2      | Reached XP level 3. HP: 19/19 MP: 6/10
  1653 | D:2      | Learned a level 2 spell: Scorch
  1808 | D:2      | Succumbed to an adder's poison

Illustrated notes

Levels and vault maps discovered:
D:1:      saegor_arrival_simple_b, layout_loops_ring, minmay_splitting_lines
D:2:      layout_loops_ring, serial_shops, shop, minivault_24

Action                   || total
-------------------------++-------
 Cast: Foxfire           ||    71
       Scorch            ||     1
Armor: Robe              ||     3
Dodge: Dodged            ||     9
